Map: Heavy Artillery LE

Players

Ekelpack - Winner!

  • Race: Zerg Zerg
  • Spawn Location: 1:00

Nyck - Winner!

  • Race: Terran Terran
  • League: Silver
  • Spawn Location: 3:00

FLORUX

  • Race: Protoss Protoss
  • League: Diamond
  • Spawn Location: 7:00

pample

  • Race: Terran Terran
  • Spawn Location: 7:00

VOD

Have the link to the VOD?

Description

Time

  • Played on: Nov. 8, 2024, 1:58 p.m.
  • Length: 12:38
Show
View Real Time Build Order
Export as new Build Order

Ekelpack Zerg - Winner!

Build Orders: Hatch First 

Get SALT Encoding   

  12  0:00  Drone  
  13  0:13  Overlord  
  13  0:17  Drone  
  14  0:31  Drone  
  15  0:47  Hatchery  
  15  0:49  Drone  
  15  1:04  Spawning Pool  
  15  1:07  Drone  
  15  1:11  Extractor  
  14  1:12  Drone  
  15  1:19  Drone  
  16  1:46  Drone x2  
  16  1:47  Drone  
  19  1:58  Queen  
  21  2:05  Zergling x2  
  21  2:08  Zergling x2  
  23  2:17  Queen  
  25  2:35  Drone  
  25  2:36  Drone x2  
  28  2:38  Extractor  
  27  2:44  Drone  
  27  2:45  Overlord x2  
  28  2:53  Extractor  
  28  2:56  Lair  
  27  3:01  Drone  
  28  3:11  Drone x4  
  32  3:17  Drone x2  
  32  3:19  Drone  
  35  3:21  Drone  
  36  3:31  Drone x3  
  39  3:34  Extractor  
  39  3:38  Drone  
  39  3:39  Drone  
  39  3:40  Overlord  
  40  3:49  Drone  
  41  3:56  Overlord  
  41  3:57  Spire  
  41  4:00  Drone x2  
  42  4:08  Drone  
  43  4:10  Overlord  
  43  4:13  Drone x2  
  45  4:21  Drone x3  
  48  4:26  Metabolic Boost  
  48  4:38  Overseer  
  48  4:49  Overlord  
  48  5:08  Mutalisk  
  48  5:09  Mutalisk x6  
  48  5:10  Mutalisk x4  
  70  5:15  Zerg Flyer Weapons Level 1  
  70  5:16  Overlord  
  70  5:32  Queen  
  70  5:34  Hatchery  
  71  5:50  Infestation Pit  
  71  5:52  Overlord  
  71  5:53  Zergling x10  
  71  5:54  Zergling x2  
  76  6:24  Mutalisk x2  
  76  6:25  Mutalisk x4  
  84  6:26  Zergling x6  
  91  6:38  Overlord x2  
  91  6:43  Hive  
  91  6:46  Drone x2  
  93  6:53  Drone x2  
  95  7:06  Drone x2, Zergling x2  
  98  7:09  Extractor  
  98  7:12  Extractor  
  98  7:14  Zerg Flyer Weapons Level 2  
  80  7:47  Zergling x8  
  80  7:48  Zergling x14  
  80  7:49  Zergling x8  
  95  8:00  Adrenal Glands  
  95  8:01  Ultralisk Cavern  
  95  8:05  Evolution Chamber  
  93  8:06  Drone x2  
  93  8:07  Drone x5  
  93  8:10  Evolution Chamber  
  93  8:12  Drone x2  
  101  8:25  Overlord x3  
  101  8:33  Zerg Melee Weapons Level 1  
  101  8:36  Pneumatized Carapace  
  97  8:56  Drone x2  
  97  8:59  Ultralisk x2  
  97  9:02  Chitinous Plating  
  111  9:21  Ultralisk  
  111  9:22  Ultralisk x2  
  129  9:31  Zergling x8  
  130  9:32  Zergling x6  
  136  9:39  Overlord x3  
  136  10:06  Ultralisk x3  
  154  10:20  Anabolic Synthesis  
  154  10:27  Zerg Ground Armor Level 1  
  154  10:31  Zergling x2, Overlord x3  
  154  10:32  Zergling x12  
  154  10:33  Zergling x4  
  135  11:12  Ultralisk x3  
  135  11:13  Ultralisk x3  
  159  11:44  Ultralisk x2  
  159  11:45  Zergling x12  
  159  11:46  Zergling x2  
  156  12:17  Overlord  
  156  12:18  Zergling x2  
  156  12:19  Zergling x12  
Show
View Real Time Build Order
Export as new Build Order

Nyck Terran - Winner!

Build Orders:  

Get SALT Encoding   

  12  0:00  SCV  
  13  0:12  SCV  
  14  0:18  Supply Depot  
  14  0:24  SCV  
  15  0:31  Refinery  
  15  0:39  SCV  
  16  0:46  Barracks  
  16  0:59  SCV  
  17  1:10  Refinery  
  17  1:11  SCV  
  18  1:34  Marine  
  19  1:49  Orbital Command  
  19  2:14  Barracks Reactor  
  19  2:19  SCV  
  19  2:21  Barracks  
  20  2:31  SCV  
  21  2:43  SCV  
  22  2:55  SCV  
  23  3:00  Command Center  
  23  3:07  Supply Depot  
  23  3:11  Barracks Reactor  
  23  3:22  SCV, Reaper x2  
  26  3:34  Supply Depot, SCV  
  27  3:46  SCV  
  28  3:48  Reaper x2  
  28  3:54  Reaper x2  
  32  3:57  Barracks  
  32  3:58  SCV  
  33  4:31  SCV  
  33  4:32  Orbital Command, Refinery  
  34  4:43  SCV  
  35  4:47  Barracks Tech Lab  
  35  4:50  Factory  
  35  4:53  Command Center  
  35  4:57  SCV  
  36  5:07  Marine x4  
  34  5:38  Starport  
  34  5:44  Starport  
  34  5:49  SCV, Starport  
  35  5:50  SCV  
  35  5:55  Refinery  
  36  6:13  Command Center  
  36  6:15  Armory  
  36  6:24  Starport Tech Lab, Starport  
  36  6:32  Starport Tech Lab  
  36  6:33  SCV  
  36  6:34  SCV  
  36  6:37  Starport Tech Lab  
  38  6:44  Orbital Command  
  38  6:46  SCV x2  
  40  6:55  Marine x2  
  40  6:56  Marine x2  
  40  6:58  SCV x2  
  46  7:02  Starport Tech Lab  
  46  7:06  Fusion Core  
  46  7:10  SCV x2  
  46  7:12  Supply Depot  
  46  7:13  Terran Vehicle And Ship Armor Level 1  
  43  7:35  Supply Depot  
  42  7:55  SCV x3  
  42  7:58  Supply Depot  
  45  8:05  Weapon Refit  
  45  8:07  SCV x2  
  45  8:08  SCV  
  45  8:10  Battlecruiser  
  54  8:16  Refinery  
  54  8:17  Refinery  
  54  8:19  SCV  
  56  8:20  SCV x2  
  56  8:27  Battlecruiser  
  63  8:31  SCV  
  63  8:32  SCV x2  
  66  8:44  SCV x3  
  66  8:48  Refinery  
  69  8:56  SCV x3  
  72  9:05  Command Center  
  72  9:08  SCV  
  72  9:09  SCV x2  
  75  9:13  Battlecruiser  
  75  9:14  Terran Vehicle And Ship Armor Level 2  
  81  9:22  Marine x3  
  81  9:23  Marine x2  
  86  9:30  SCV x3  
  89  9:35  Battlecruiser  
  95  9:42  Supply Depot x2  
  95  9:44  SCV x2  
  95  9:45  SCV  
  98  9:47  Orbital Command  
  98  9:54  Refinery  
  98  9:55  Refinery  
  98  9:56  SCV x2  
  98  9:57  SCV  
  101  10:01  Battlecruiser  
  101  10:06  Supply Depot  
  107  10:21  SCV x3  
  107  10:22  SCV  
  107  10:25  Battlecruiser x2  
  123  10:29  Supply Depot  
  123  10:33  SCV x3  
  123  10:34  SCV  
  127  10:40  Battlecruiser  
  133  10:45  Supply Depot  
  133  10:52  Supply Depot  
  131  11:16  Supply Depot  
  134  12:05  SCV  
  134  12:06  SCV x2  
  137  12:37  Command Center  
Show
View Real Time Build Order
Export as new Build Order

FLORUX Protoss 

Build Orders:  

Get SALT Encoding   

  12  0:02  Probe (Chrono Boost)  
  13  0:11  Probe (Chrono Boost)  
  14  0:16  Probe (Chrono Boost)  
  15  0:23  Pylon  
  15  0:41  Probe  
  16  0:46  Forge  
  16  0:55  Probe  
  17  1:09  Pylon x2  
  17  1:11  Pylon  
  17  1:12  Pylon  
  17  1:28  Photon Cannon  
  16  1:59  Pylon  
  16  2:00  Pylon  
  16  2:01  Pylon  
  16  2:03  Pylon  
  15  2:16  Gateway  
  15  2:20  Probe (Chrono Boost)  
  16  2:25  Nexus  
  17  2:30  Probe (Chrono Boost)  
  17  2:35  Probe (Chrono Boost)  
  18  2:42  Pylon  
  18  2:45  Assimilator  
  18  2:47  Assimilator, Probe  
  19  2:53  Pylon  
  19  2:56  Pylon  
  19  3:10  Photon Cannon  
  19  3:12  Photon Cannon  
  19  3:18  Photon Cannon  
  19  3:29  Cybernetics Core  
  19  3:39  Probe (Chrono Boost)  
  19  3:40  Probe (Chrono Boost)  
  23  3:49  Probe (Chrono Boost)  
  23  3:50  Probe (Chrono Boost)  
  23  3:55  Probe x2 (Chrono Boost)  
  23  3:59  Protoss Ground Weapons Level 1  
  25  4:08  Gateway  
  25  4:10  Shield Battery  
  25  4:15  Warp Gate  
  25  4:18  Probe (Chrono Boost)  
  25  4:19  Probe (Chrono Boost)  
  27  4:30  Probe x2 (Chrono Boost)  
  29  4:36  Probe x2 (Chrono Boost)  
  29  4:38  Gateway  
  31  4:45  Pylon  
  31  4:51  Gateway  
  31  4:56  Probe (Chrono Boost)  
  31  4:57  Assimilator  
  31  4:59  Assimilator  
  33  5:01  Probe (Chrono Boost)  
  33  5:09  Probe (Chrono Boost)  
  34  5:20  Probe  
  35  5:26  Gateway  
  35  5:33  Probe  
  36  5:38  Probe  
  36  5:40  Gateway x2  
  36  5:42  Pylon  
  37  5:44  Pylon  
  37  5:45  Probe  
  38  5:50  Probe  
  39  5:57  Probe  
  39  6:02  Probe  
  41  6:05  Stalker x3  
  41  6:06  Stalker  
  49  6:19  Shield Battery  
  49  6:22  Shield Battery  
  49  6:33  Stalker x3  
  49  6:34  Stalker x2  
  49  6:35  Stalker x2  
  49  6:39  Protoss Ground Armor Level 1 (Chrono Boost)  
  63  6:56  Stalker  
  63  6:57  Stalker  
  63  6:59  Stalker  
  69  7:04  Probe  
  70  7:12  Pylon  
  70  7:13  Pylon  
  70  7:14  Pylon  
  70  7:17  Probe  
  71  7:29  Probe  
  72  7:43  Nexus  
  58  7:50  Stalker x3  
  58  7:51  Stalker x3  
  52  7:52  Stalker  
  58  8:10  Stalker  
  58  8:11  Stalker x2  
  58  8:12  Stalker x2  
  68  8:14  Stalker  
  68  8:15  Stalker  
  72  8:29  Stalker x3  
  78  8:36  Stalker  
  78  8:37  Stalker  
  82  8:47  Stalker x2  
  86  9:00  Protoss Shields Level 1  
  86  9:07  Twilight Council  
  86  9:11  Probe (Chrono Boost)  
  86  9:15  Probe (Chrono Boost)  
  86  9:16  Probe (Chrono Boost)  
  89  9:20  Probe (Chrono Boost)  
  89  9:24  Stalker, Probe x2 (Chrono Boost)  
  94  9:25  Probe (Chrono Boost)  
  94  9:27  Stalker  
  97  9:37  Probe  
  98  9:38  Pylon  
  98  9:40  Pylon  
  98  9:42  Pylon  
  98  9:43  Blink (Chrono Boost)  
  97  9:49  Probe  
  93  10:00  Stalker  
  93  10:01  Stalker x3, Probe (Chrono Boost)  
  93  10:02  Stalker  
  104  10:12  Probe (Chrono Boost), Pylon  
  105  10:16  Shield Battery  
  105  10:17  Probe (Chrono Boost)  
  105  10:18  Shield Battery  
  106  10:22  Stalker  
  106  10:23  Stalker  
  106  10:24  Stalker  
  106  10:25  Stalker  
  106  10:28  Stalker  
  116  10:31  Assimilator  
  116  10:34  Assimilator  
  110  10:45  Stalker  
  110  10:46  Stalker x3  
  118  11:04  Probe (Chrono Boost)  
  118  11:05  Robotics Facility  
  118  11:07  Robotics Facility  
  119  11:14  Probe (Chrono Boost)  
  120  11:19  Probe (Chrono Boost)  
  87  12:05  Immortal x2 (Chrono Boost)  
  81  12:12  Stalker x3  
  81  12:13  Stalker x3  
  81  12:14  Stalker  
Show
View Real Time Build Order
Export as new Build Order

pample Terran 

Build Orders: 2 Factory, Mech 

Get SALT Encoding   

  12  0:01  SCV  
  13  0:14  SCV  
  14  0:23  Supply Depot  
  14  0:26  SCV  
  15  0:45  SCV  
  15  0:47  Barracks  
  16  1:04  SCV  
  17  1:17  SCV, Refinery  
  18  1:28  Command Center  
  19  1:32  SCV  
  19  1:40  Refinery  
  19  1:51  Orbital Command  
  19  2:18  SCV  
  20  2:25  Factory  
  20  2:30  SCV  
  20  2:36  Barracks Reactor  
  21  2:41  Orbital Command  
  21  2:42  SCV  
  22  2:48  Factory  
  22  2:54  SCV  
  23  3:06  SCV  
  23  3:07  SCV  
  25  3:18  SCV  
  25  3:19  SCV  
  27  3:22  Hellion x2  
  27  3:23  Barracks Tech Lab  
  31  3:30  SCV  
  31  3:31  SCV  
  31  3:33  Factory Tech Lab  
  33  3:35  Starport  
  33  3:42  SCV  
  33  3:43  Hellion  
  33  3:44  Hellion  
  38  3:50  Supply Depot  
  38  3:59  Supply Depot, Barracks Reactor  
  38  4:11  SCV x2, Infernal Pre-Igniter, Siege Tank  
  38  4:12  Supply Depot  
  43  4:22  Hellion x2, Factory  
  43  4:23  Supply Depot, SCV x2  
  49  4:28  Refinery  
  49  4:32  Refinery  
  49  4:35  SCV x2  
  51  4:48  SCV x2  
  56  5:00  Siege Tank, SCV x2  
  56  5:01  Liberator  
  61  5:08  Command Center  
  61  5:12  SCV x2  
  63  5:24  SCV x2  
  65  5:38  Cyclone x2  
  65  5:41  Command Center  
  69  5:44  Refinery  
  69  5:47  Supply Depot, Refinery  
  69  5:57  SCV  
  69  6:03  SCV  
  70  6:08  Siege Tank, Liberator  
  70  6:09  SCV  
  72  6:15  SCV  
  68  6:22  Liberator  
  51  6:37  SCV x2  
  50  6:44  Cyclone  
  52  6:49  SCV x2  
  52  6:51  Liberator  
  57  6:56  Orbital Command  
  57  6:59  Orbital Command  
  57  7:01  SCV x2  
  57  7:05  Liberator  
  62  7:13  SCV  
  62  7:14  SCV, Cyclone  
  66  7:16  Cyclone  
  68  7:25  SCV  
  68  7:26  SCV  
  51  7:38  SCV x2  
  50  7:46  SCV x2  
  50  7:50  SCV x2  
  54  7:51  Liberator x2  
  54  7:53  Cyclone  
  54  7:54  Cyclone  
  64  7:58  SCV  
  64  7:59  SCV, Armory  
  64  8:02  SCV x2  
  68  8:11  SCV x2  
  70  8:14  SCV x2  
  69  8:23  SCV x2  
  69  8:25  Cyclone  
  69  8:26  Cyclone  
  75  8:28  SCV  
  76  8:34  Liberator  
  79  8:45  SCV x3  
  79  8:46  SCV  
  79  8:47  Thor  
  89  8:49  Thor  
  95  8:57  SCV x2  
  95  8:58  SCV x2, Cyclone x2  
  95  9:00  Refinery  
  103  9:07  Terran Vehicle Weapons Level 1  
  103  9:09  SCV x2, Armory  
  105  9:10  SCV  
  105  9:14  Supply Depot x2  
  106  9:17  Supply Depot  
  106  9:35  Liberator x2  
  106  9:37  Supply Depot  
  112  9:39  Supply Depot  
  112  9:41  Command Center  
  112  9:42  Supply Depot  
  112  9:59  Factory Reactor  
  112  10:01  Factory Tech Lab  
  112  10:02  SCV x2  
  112  10:03  SCV x2  
  112  10:04  Engineering Bay  
  112  10:05  Supply Depot  
  112  10:06  Factory Tech Lab  
  116  10:14  SCV  
  116  10:15  SCV  
  116  10:16  SCV x2  
  116  10:17  Terran Vehicle And Ship Armor Level 1  
  116  10:20  Liberator x2  
  126  10:49  SCV x2  
  129  10:50  SCV x2  
  130  11:00  Hellbat x2  
  130  11:01  SCV x2  
  130  11:02  SCV x2, Thor x2  
  130  11:03  Liberator x2  
  153  11:21  Hellbat x2  
  103  11:42  Hellbat  
  103  11:43  Hellbat  
  103  11:45  Siege Tank  
  103  11:46  Siege Tank, Liberator x2  
  119  11:58  Missile Turret  
  119  12:04  Hellbat x2  
  119  12:08  Orbital Command  
  123  12:15  Starport  
  123  12:17  Starport, Command Center  
  123  12:18  Missile Turret  
  123  12:24  Refinery  
Tags
 
Add a new tag
Caveats
  • Supply blocks, unpowered buildings, or Contaminate may cause inaccurate times.
  • Supply counts are checked every 10 seconds.